 Dungeon Crawl Stone Soup version 0.21-a0-352-g5b8f553 (webtiles) character file.

36 grizmgrazm2 the Grave Robber (level 3, -3/24 HPs)
             Began as a Vampire Necromancer on Oct 11, 2017.
             Slain by a crimson imp (4 damage)
             ... on level 2 of the Dungeon.
             The game lasted 00:03:29 (1552 turns).

grizmgrazm2 the Grave Robber (Vampire Necromancer)  Turns: 1552, Time: 00:03:29

Health: -3/24      AC:  2    Str: 13    XL:     3   Next: 19%
Magic:  1/7        EV: 13    Int: 22    God:
Gold:   49         SH:  0    Dex: 14    Spells: 6/7 levels left

rFire    . . .     SeeInvis +   h - +4 dagger
rCold    + . .     Gourm    .   (no shield)
rNeg     + + .     Faith    .   a - +0 robe
rPois    +         Spirit   .   (no helmet)
rElec    .         Reflect  .   (no cloak)
rCorr    .         Harm     .   (no gloves)
MR       .....                  (no boots)
Stlth    ++++......             (no amulet)
HPRegen  0.04/turn              g - ring of stealth
MPRegen  0.10/turn              (no ring)

@: mighty, brilliant, regenerating slowly
A: fangs 3, see invisible, unbreathing
a: Bat Form


You were on level 2 of the Dungeon.
You were very thirsty.

You visited 1 branch of the dungeon, and saw 2 of its levels.

You collected 49 gold pieces.

Inventory:

Hand Weapons
 h - a +4 dagger (weapon)
 i - a +0 short sword
Armour
 a - a +0 robe (worn)
Jewellery
 g - a ring of stealth (left hand)
Scrolls
 f - 3 scrolls of identify {unknown}
Potions
 c - a potion of blood
Books
 b - a book of Necromancy

   Spells                             Type                      Level
   a - Pain                           Necromancy                   1
   b - Animate Skeleton               Necromancy                   1
   c - Vampiric Draining              Necromancy                   3
   d - Regeneration                   Charms/Necromancy            3
   e - Animate Dead                   Necromancy                   4
   f - Control Undead                 Necromancy                   4


   Skills:
 + Level 2.3 Dodging
 + Level 3.2 Stealth
 + Level 2.6 Spellcasting
 + Level 5.0 Necromancy


You had 6 spell levels left.
You knew the following spells:

 Your Spells              Type           Power        Failure   Level  Hunger
a - Pain                  Necr           ####         1%          1    None


Dungeon Overview and Level Annotations

Branches:
Dungeon (2/15)

Altars:


Innate Abilities, Weirdness & Mutations

You heal slowly.
You have razor-sharp teeth.
You have supernaturally acute eyesight. (SInv)
You can survive without breathing.


Message History

Confirm with . or Enter, or press ? or * to list all spells.
Aiming: Pain
Press: ? - help, Shift-Dir - straight line, f - goblin
Aim: a goblin (chance to defeat MR: 93%)
The goblin writhes in agony!
You kill the goblin!
Your Necromancy skill increases to level 5!
You completely miss the crimson imp.
The crimson imp blinks!
The crimson imp blinks!
You see here a goblin corpse.
The crimson imp barely misses you.
Things that are here:
5 stones; a kobold corpse You hit the crimson imp.
The crimson imp is moderately wounded.
The crimson imp barely misses you.
You completely miss the crimson imp.
The crimson imp is moderately wounded.
The crimson imp hits you.
You die...

.. #. ### #.
#.. #% #.# #.
#.# #.####.#
#.<.##.# .#.
###5##.###.....
#.@.......#
#..#†###.##
#..#.#
#..#........
#..#####.###
#..# #..# ....


You could see a crimson imp.

Vanquished Creatures
  An adder (D:2)
  An ooze (D:1)
  A dart slug (D:1)
  A bat (D:1)
  A giant cockroach (D:1)
  4 goblins
  4 hobgoblins (D:1)
  A jackal (D:1)
  2 frilled lizards (D:1)
  3 kobolds
19 creatures vanquished.

Notes
Turn   | Place    | Note
-------+----------+-------------------------------------------
     0 | D:1      | grizmgrazm2 the Vampire Necromancer began the quest for the Orb.
     0 | D:1      | Reached XP level 1. HP: 13/13 MP: 3/3
   625 | D:1      | Reached XP level 2. HP: 17/19 MP: 0/5
  1528 | D:2      | Noticed a crimson imp
  1544 | D:2      | Reached XP level 3. HP: 1/24 MP: 1/7
  1546 | D:2      | Reached skill level 5 in Necromancy
  1552 | D:2      | Slain by a crimson imp

Vault maps used:
D:1:      mainiacjoe_arrival_reflecting_pool, minmay_tetromino_o2
D:2:      amethyst_killhole

Skill      XL: |  1  2  3 |
---------------+----------+-----
Necromancy     | 5 |  5.0
Dodging        | |  2.3
Stealth        | |  3.2
Spellcasting   | |  2.6

Action                   || total
-------------------------++-------
Melee: Unarmed           ||     6
       Club              ||     9
       Bite              ||     1
       Dagger            ||     7
 Cast: Pain              ||    33
  Use: Potion            ||     2
 Stab: Sleeping          ||     2
Armor: Robe              ||     8
Dodge: Dodged            ||    34

Table legend:
 A = Spawn XP
 B = Non-spawn XP
 C = Spawn XP percentage of total XP
 D = Spawn monster count
 E = Non-spawn monster count
 F = Spawn count percentage of total count
 G = Total turns spent on level
                    A         B        C        D         E        F      G
               +---------+---------+-------+---------+---------+-------+---------
         Total |       0 |      52 |   0.0 |       0 |      19 |   0.0 |  1552
               +---------+---------+-------+---------+---------+-------+---------
           D:1 |       0 |      36 |   0.0 |       0 |      16 |   0.0 |  1525
           D:2 |       0 |      16 |   0.0 |       0 |       3 |   0.0 |    27
               +---------+---------+-------+---------+---------+-------+---------
